3R
GERMANTOWN URUGUAYANS @ NORTHWEST TERRITORY BEAVERS
08/17/2038
 
TOP OF THE 1ST
Germantown Uruguayans batting - Pitching for Northwest Territory Beavers : RHP Alfredo Romo
Pitching: RHP Alfredo Romo
Batting: RHB Jorge Gardella 0-0: Ground out 4-3 (Groundball, 4, EV 102.5 MPH)
Batting: LHB Mhelter Narcida 0-0: Swinging Strike
0-1: Swinging Strike
0-2: Fly out, F9 (Line Drive, 9, EV 88.1 MPH)
Batting: RHB Harold Keightley 0-0: Ball
1-0: Ball
2-0: SINGLE (Groundball, 56D, EV 103.8 MPH)
Batting: RHB Kiyoshi Aoki 0-0: Called Strike
0-1: Foul Ball, location: 2F
0-2: Strikes out looking
Top of the 1st over - 0 runs, 1 hit, 0 errors, 1 left on base; Germantown 0 - Northwest Territory 0
BOTTOM OF THE 1ST
Northwest Territory Beavers batting - Pitching for Germantown Uruguayans : RHP Ángel Franco
Pitching: RHP Ángel Franco
Batting: RHB Richard Mitchell 0-0: Ball
1-0: Called Strike
1-1: Called Strike
1-2: Foul Ball, location: 2F
1-2: Foul Ball, location: 2F
1-2: Ball
2-2: Foul Ball, location: 2F
2-2: Foul Ball, location: 2F
2-2: Ball
3-2: SINGLE (Groundball, 6MD, EV 109.4 MPH)
Batting: RHB David Alcabú 0-0: Ball
1-0: Fly out, F8 (Line Drive, 8LD, EV 91.9 MPH)
Batting: LHB Lester Threlfall 0-0: Called Strike
Richard Mitchell is caught stealing 2nd base 2-6
0-1: Ball
1-1: Ball
2-1: Foul Ball, location: 2F
2-2: Fly out, F8 (Line Drive, 8LD, EV 101.9 MPH)
Bottom of the 1st over - 0 runs, 1 hit, 0 errors, 0 left on base; Germantown 0 - Northwest Territory 0
TOP OF THE 2ND
Germantown Uruguayans batting - Pitching for Northwest Territory Beavers : RHP Alfredo Romo
Batting: SHB Jerry Reece 0-0: Ball
1-0: Ball
2-0: Ball
3-0: Called Strike
3-1: Swinging Strike
3-2: Ground out 4-3 (Groundball, 4, EV 81.9 MPH)
Batting: RHB Anthony McGee 0-0: Ball
1-0: SINGLE (Groundball, 6MD, EV 105.0 MPH)
Batting: RHB Tetahiti Kelala 0-0: Ball
1-0: Called Strike
1-1: Swinging Strike
1-2: Ball
2-2: Strikes out swinging
Batting: RHB Gonzalo Gómes 0-0: Called Strike
0-1: Ball
1-1: Swinging Strike
1-2: Foul Ball, location: 2F
1-2: Ball
2-2: Foul Ball, location: 2F
2-2: Foul Ball, location: 2F
2-2: Fielders Choice at 2nd, U4 (Groundball, 4M, EV 85.0 MPH)
Top of the 2nd over - 0 runs, 1 hit, 0 errors, 1 left on base; Germantown 0 - Northwest Territory 0
BOTTOM OF THE 2ND
Northwest Territory Beavers batting - Pitching for Germantown Uruguayans : RHP Ángel Franco
Batting: LHB Matt Dunlap 0-0: Ball
1-0: Foul Ball, location: 2F
1-1: Swinging Strike
1-2: Ball
2-2: Ball
3-2: Fly out, F7 (Flyball, 78S, EV 90.0 MPH)
Batting: LHB Mike Johnstone 0-0: Ball
1-0: Swinging Strike
1-1: Swinging Strike
1-2: Hit by Pitch
Batting: LHB Grover Barbaran 0-0: Called Strike
0-1: Fly out, F6 (Flyball, 5D, EV 85.0 MPH)
Batting: RHB Roland Rankin 0-0: Called Strike
0-1: Ball
1-1: Called Strike
1-2: Ball
2-2: Ball
3-2: Strikes out looking
Bottom of the 2nd over - 0 runs, 0 hits, 0 errors, 1 left on base; Germantown 0 - Northwest Territory 0
TOP OF THE 3RD
Germantown Uruguayans batting - Pitching for Northwest Territory Beavers : RHP Alfredo Romo
Batting: RHB Harley Lambert 0-0: Reached on error, E5 (Groundball, 56S, EV 73.1 MPH)
Batting: RHB Jorge Gardella 0-0: Ball
1-0: Ball
2-0: SINGLE (Flyball, 9S, EV 95.6 MPH)
Harley Lambert to third
Runner from 3rd tries for Home, SAFE, throw by RF to home
Batting: LHB Mhelter Narcida 0-0: Foul Ball, location: 2F
0-1: Ball
1-1: Swinging Strike
1-2: Fly out, F3 (Popup, 3S, EV 81.9 MPH)
Batting: RHB Harold Keightley 0-0: Ball
1-0: Ball
2-0: Called Strike
2-1: Foul Ball, location: 2F
2-2: Ground out U3 (Groundball, 3S, EV 84.4 MPH)
Jorge Gardella to second
Batting: RHB Kiyoshi Aoki 0-0: Called Strike
0-1: Ball
1-1: Foul Ball, location: 2F
1-2: Ball
2-2: Ball
3-2: Foul Ball, location: 2F
3-2: Fly out, F6 (Popup, 6M, EV 75.6 MPH)
Top of the 3rd over - 1 run, 1 hit, 1 error, 1 left on base; Germantown 1 - Northwest Territory 0
BOTTOM OF THE 3RD
Northwest Territory Beavers batting - Pitching for Germantown Uruguayans : RHP Ángel Franco
Batting: SHB Zach Bass 0-0: Called Strike
0-1: Ball
1-1: Ball
2-1: Called Strike
2-2: Fly out, F7 (Flyball, 78M, EV 96.9 MPH)
Batting: RHB Cole Hewitt 0-0: Called Strike
0-1: Foul Ball, location: 2F
0-2: Ball
1-2: Foul Ball, location: 2F
1-2: SINGLE (Groundball, 6MD, EV 101.9 MPH)
Batting: RHB Richard Mitchell 0-0: Foul Ball, location: 2F
0-1: Reached on error, E3 (Groundball, 3L, EV 83.8 MPH)
Cole Hewitt to second
Batting: RHB David Alcabú 0-0: Ball
1-0: Fly out, F4 (Popup, 4D, EV 49.4 MPH)
Batting: LHB Lester Threlfall 0-0: Fly out, F7 (Flyball, 7S, EV 88.1 MPH)
Bottom of the 3rd over - 0 runs, 1 hit, 1 error, 2 left on base; Germantown 1 - Northwest Territory 0
TOP OF THE 4TH
Germantown Uruguayans batting - Pitching for Northwest Territory Beavers : RHP Alfredo Romo
Batting: SHB Jerry Reece 0-0: Ball
1-0: Ground out 5-3 (Groundball, 56, EV 110.0 MPH)
Batting: RHB Anthony McGee 0-0: Ground out 6-3 (Groundball, 6S, EV 93.1 MPH)
Batting: RHB Tetahiti Kelala 0-0: Ball
1-0: Ball
2-0: Called Strike
2-1: Swinging Strike
2-2: Foul Ball, location: 2F
2-2: Fly out, F8 (Flyball, 89D, EV 100.6 MPH)
Top of the 4th over - 0 runs, 0 hits, 0 errors, 0 left on base; Germantown 1 - Northwest Territory 0
BOTTOM OF THE 4TH
Northwest Territory Beavers batting - Pitching for Germantown Uruguayans : RHP Ángel Franco
Batting: LHB Matt Dunlap 0-0: Called Strike
0-1: Ball
1-1: Foul Ball, location: 2F
1-2: Ball
2-2: SOLO HOME RUN (Line Drive, 7D, EV 99.4 MPH), Distance : 366 ft
Batting: LHB Mike Johnstone 0-0: Called Strike
0-1: Ball
1-1: Called Strike
1-2: Ball
2-2: Strikes out swinging
Batting: LHB Grover Barbaran 0-0: Foul Ball, location: 2F
0-1: Bunted foul
0-2: Ball
1-2: Ball
2-2: Ball
3-2: TRIPLE (Line Drive, 78XD, EV 102.5 MPH)
Batting: RHB Roland Rankin 0-0: Ball
1-0: Ball
2-0: Ball
3-0: Called Strike
3-1: Foul Ball, location: 2F
3-2: Strikes out looking
Batting: SHB Zach Bass 0-0: Foul Ball, location: 2F
0-1: Ball
1-1: Ground out 6-3 (Groundball, 6, EV 85.6 MPH)
Bottom of the 4th over - 1 run, 2 hits, 0 errors, 1 left on base; Germantown 1 - Northwest Territory 1
TOP OF THE 5TH
Germantown Uruguayans batting - Pitching for Northwest Territory Beavers : RHP Alfredo Romo
Batting: RHB Gonzalo Gómes 0-0: Ball
1-0: Ball
2-0: Called Strike
2-1: Ball
3-1: Swinging Strike
3-2: Base on Balls
Batting: RHB Harley Lambert 0-0: Ball
1-0: Grounds into double play, 6-4-3 (Groundball, 6, EV 106.9 MPH)
Batting: RHB Jorge Gardella 0-0: Ball
1-0: Foul Ball, location: 2F
1-1: Ball
2-1: SINGLE (Groundball, 34D, EV 109.4 MPH)
Batting: LHB Mhelter Narcida 0-0: Ball
Jorge Gardella is caught stealing 2nd base 2-6
Top of the 5th over - 0 runs, 1 hit, 0 errors, 0 left on base; Germantown 1 - Northwest Territory 1
BOTTOM OF THE 5TH
Northwest Territory Beavers batting - Pitching for Germantown Uruguayans : RHP Ángel Franco
Batting: RHB Cole Hewitt 0-0: Called Strike
0-1: Ball
1-1: Ball
2-1: Ground out 6-3 (Groundball, 6, EV 89.4 MPH)
Batting: RHB Richard Mitchell 0-0: Ball
1-0: SOLO HOME RUN (Flyball, 7LD, EV 106.2 MPH), Distance : 341 ft
Batting: RHB David Alcabú 0-0: Ball
1-0: SINGLE (Groundball, 13S, EV 75.0 MPH) (infield hit)
Batting: LHB Lester Threlfall 0-0: Ball
David Alcabú is caught stealing 2nd base 2-6
1-0: Foul Ball, location: 2F
1-1: Called Strike
1-2: Ball
2-2: SINGLE (Flyball, 78M, EV 88.1 MPH)
Batting: LHB Matt Dunlap 0-0: Ball
1-0: Foul Ball, location: 2F
1-1: Foul Ball, location: 2F
1-2: Fly out, F9 (Flyball, 9LM, EV 93.8 MPH)
Bottom of the 5th over - 1 run, 3 hits, 0 errors, 1 left on base; Germantown 1 - Northwest Territory 2
TOP OF THE 6TH
Germantown Uruguayans batting - Pitching for Northwest Territory Beavers : RHP Alfredo Romo
Batting: LHB Mhelter Narcida 0-0: Called Strike
0-1: Foul Ball, location: 2F
0-2: Hit by Pitch
Batting: RHB Harold Keightley 0-0: Grounds into double play, 6-4-3 (Groundball, 6, EV 86.9 MPH)
Batting: RHB Kiyoshi Aoki 0-0: Ball
1-0: Ball
2-0: Ball
3-0: Called Strike
3-1: TRIPLE (Flyball, 8RXD, EV 86.9 MPH)
Batting: SHB Jerry Reece 0-0: Ball
1-0: SINGLE (Groundball, 4MD, EV 103.8 MPH)
Kiyoshi Aoki scores
Batting: RHB Anthony McGee 0-0: Ball
1-0: Ball
2-0: Foul Ball, location: 2F
2-1: Foul Ball, location: 2F
2-2: Fly out, F2 (Popup, 25F, EV 75.6 MPH)
Top of the 6th over - 1 run, 2 hits, 0 errors, 1 left on base; Germantown 2 - Northwest Territory 2
BOTTOM OF THE 6TH
Northwest Territory Beavers batting - Pitching for Germantown Uruguayans : RHP Ángel Franco
Batting: LHB Mike Johnstone 0-0: Swinging Strike
0-1: Called Strike
0-2: Ball
1-2: Ball
2-2: Fly out, F8 (Flyball, 78M, EV 88.1 MPH)
Batting: LHB Grover Barbaran 0-0: Ball
1-0: Foul Ball, location: 2F
1-1: Ball
2-1: Called Strike
2-2: SINGLE (Flyball, 56D, EV 91.9 MPH)
Batting: RHB Roland Rankin 0-0: Foul Ball, location: 2F
0-1: Foul Ball, location: 2F
0-2: Ball
1-2: Fly out, F3 (Popup, 3S, EV 65.0 MPH)
Batting: SHB Zach Bass 0-0: Called Strike
0-1: Ball
1-1: Ball
2-1: Ball
3-1: Base on Balls
Grover Barbaran to second
Pitching: LHP Ka-fei Sun
Batting: RHB Cole Hewitt 0-0: Ball
1-0: Called Strike
1-1: Foul Ball, location: 2F
1-2: Reached on error, E4 (Groundball, 4, EV 88.8 MPH)
Grover Barbaran to third
Zach Bass to second
Batting: RHB Richard Mitchell 0-0: Ball
1-0: Called Strike
1-1: Fly out, F8 (Line Drive, 8RD, EV 88.8 MPH)
Bottom of the 6th over - 0 runs, 1 hit, 1 error, 3 left on base; Germantown 2 - Northwest Territory 2
TOP OF THE 7TH
Germantown Uruguayans batting - Pitching for Northwest Territory Beavers : RHP Alfredo Romo
Pitching: RHP Joeri van Lint
Batting: RHB Tetahiti Kelala 0-0: Ground out 5-3 (Groundball, 5, EV 104.4 MPH)
Batting: RHB Gonzalo Gómes 0-0: Foul Ball, location: 2F
0-1: Ball
1-1: Foul Ball, location: 2F
1-2: Foul Ball, location: 2F
1-2: Ball
2-2: Strikes out swinging
Batting: RHB Harley Lambert 0-0: Ball
1-0: Foul Ball, location: 2F
1-1: Fly out, F7 (Line Drive, 7, EV 93.1 MPH)
Top of the 7th over - 0 runs, 0 hits, 0 errors, 0 left on base; Germantown 2 - Northwest Territory 2
BOTTOM OF THE 7TH
Northwest Territory Beavers batting - Pitching for Germantown Uruguayans : LHP Ka-fei Sun
Batting: RHB David Alcabú 0-0: Ground out 5-3 (Groundball, 56S, EV 78.1 MPH)
Batting: LHB Lester Threlfall 0-0: Swinging Strike
0-1: Ball
1-1: Foul Ball, location: 2F
1-2: Strikes out swinging
Batting: LHB Matt Dunlap 0-0: Ball
1-0: Fly out, F8 (Line Drive, 8LM, EV 84.4 MPH)
Bottom of the 7th over - 0 runs, 0 hits, 0 errors, 0 left on base; Germantown 2 - Northwest Territory 2
TOP OF THE 8TH
Germantown Uruguayans batting - Pitching for Northwest Territory Beavers : RHP Joeri van Lint
Batting: RHB Jorge Gardella 0-0: DOUBLE (Line Drive, 7LS, EV 102.5 MPH)
Batting: LHB Mhelter Narcida 0-0: Ball
1-0: Swinging Strike
1-1: SINGLE (Groundball, 34D, EV 100.0 MPH)
Jorge Gardella to third
Runner from 3rd tries for Home, throw by RF and OUT! 9-2
Mhelter Narcida to second
Batting: RHB Harold Keightley 0-0: Ball
1-0: Fly out, F9 (Flyball, 9LSF, EV 84.4 MPH)
Batting: RHB Kiyoshi Aoki 0-0: Ball
Wild Pitch!
Mhelter Narcida to third
1-0: Ball
2-0: Ball
3-0: Called Strike
3-1: SINGLE (Line Drive, 4D, EV 96.9 MPH)
Mhelter Narcida scores
Batting: SHB Jerry Reece 0-0: Swinging Strike
0-1: Ball
1-1: Foul Ball, location: 2F
1-2: Foul Ball, location: 2F
1-2: Strikes out looking
Top of the 8th over - 1 run, 3 hits, 0 errors, 1 left on base; Germantown 3 - Northwest Territory 2
BOTTOM OF THE 8TH
Northwest Territory Beavers batting - Pitching for Germantown Uruguayans : LHP Ka-fei Sun
Batting: LHB Mike Johnstone 0-0: Swinging Strike
0-1: Ball
1-1: SINGLE (Flyball, 8LS, EV 93.8 MPH)
Batting: LHB Grover Barbaran 0-0: Fly out, F7 (Flyball, 7S, EV 96.9 MPH)
Pitching: RHP Luis Valdés
Batting: RHB Roland Rankin 0-0: Ball
1-0: Fielders Choice at 2nd, 6-4 (Groundball, 6, EV 93.8 MPH)
Pinch Hitting: SHB Patrick Sullivan 0-0: Ball
1-0: Ball
2-0: Ground out 4-3 (Groundball, 4, EV 107.5 MPH)
Bottom of the 8th over - 0 runs, 1 hit, 0 errors, 1 left on base; Germantown 3 - Northwest Territory 2
TOP OF THE 9TH
Germantown Uruguayans batting - Pitching for Northwest Territory Beavers : RHP Joeri van Lint
Now at 2B: Patrick Sullivan
Batting: RHB Anthony McGee 0-0: Called Strike
0-1: Fly out, F8 (Line Drive, 8LM, EV 86.9 MPH)
Batting: RHB Tetahiti Kelala 0-0: Foul Ball, location: 2F
0-1: Foul Ball, location: 2F
0-2: Strikes out swinging
Batting: RHB Gonzalo Gómes 0-0: Swinging Strike
0-1: Ball
1-1: Ball
2-1: Ground out 5-3 (Groundball, 56, EV 83.8 MPH)
Top of the 9th over - 0 runs, 0 hits, 0 errors, 0 left on base; Germantown 3 - Northwest Territory 2
BOTTOM OF THE 9TH
Northwest Territory Beavers batting - Pitching for Germantown Uruguayans : RHP Luis Valdés
Pitching: RHP Manuel Villanueva
Pinch Hitting: LHB Liberaratore Cavalo 0-0: Ball
1-0: Ground out 4-3 (Groundball, 4, EV 87.5 MPH)
Batting: RHB Richard Mitchell 0-0: Called Strike
0-1: Ball
1-1: Ball
2-1: Ball
3-1: Base on Balls
Batting: RHB David Alcabú 0-0: Foul Ball, location: 2F
0-1: Fly out, F8 (Flyball, 8RS, EV 96.9 MPH)
Batting: LHB Lester Threlfall 0-0: 2-RUN HOME RUN (Flyball, 9D, EV 111.2 MPH), Distance : 374 ft
Friday, April 17th, 2020 - OOTP Baseball 20.8 Build 74